 Dungeon Crawl Stone Soup version 0.19-a0-1738-gbb2db12 (webtiles) character file.

5489 Naow the Severer (level 10, -7/78 HPs)
             Began as a Minotaur Berserker on Oct 1, 2016.
             Was a High Priest of Trog.
             Mangled by a large abomination (32 damage)
             ... on level 2 of the Abyss.
             The game lasted 00:17:52 (7919 turns).

Naow the Severer (Minotaur Berserker)               Turns: 7919, Time: 00:17:53

Health: -7/78      AC: 13    Str: 22    XL:     10   Next: 42%
Magic:  3/3        EV:  7    Int:  7    God:    Trog [*****.]
Gold:   757        SH:  0    Dex: 10    Spells: 0 memorised, 9 levels left

rFire  . . .     SeeInvis .     X - +4 battleaxe (antimagic)
rCold  . . .     Gourm    +     k - +0 plate armour
rNeg   . . .     Faith    .     (shield currently unavailable)
rPois  .         Spirit   .     (helmet restricted)
rElec  .         Dismiss  .     L - +0 cloak
rCorr  .         Reflect  .     (no gloves)
MR     .....     Harm     .     N - +0 pair of boots
Stlth  ..........               C - amulet of the gourmand
                                U - ring of stealth
                                e - +4 ring of slaying

@: exhausted, slowed, very slow
A: retaliatory headbutt, horns 2
a: Berserk, Trog's Hand, Brothers in Arms, Burn Spellbooks, Renounce Religion


You were on level 2 of the Abyss.
You worshipped Trog.
Trog was extremely pleased with you.
You were very full.

You visited 2 branches of the dungeon, and saw 11 of its levels.
You visited the Abyss 1 time.

You collected 757 gold pieces.

Inventory:

Hand Weapons
 a - a +0 hand axe
 X - a +4 antimagic battleaxe (weapon)
Armour
 k - a +0 plate armour (worn)
 L - a +0 cloak (worn)
 N - a +0 pair of boots (worn)
 V - a +2 shield
Jewellery
 e - a +4 ring of slaying (left hand)
 h - an uncursed ring of ice
 r - a +5 ring of intelligence {unknown}
 w - an uncursed ring of see invisible
 A - a +3 ring of dexterity
 C - an amulet of the gourmand (around neck)
 S - an uncursed ring of fire
 U - a ring of stealth (right hand)
Wands
 b - a wand of flame (19/48)
 p - a wand of polymorph (8/24)
 H - a wand of lightning (7/15)
 M - a wand of flame (15/48)
 R - a wand of polymorph (10/24)
 T - a wand of digging (14/24)
 W - a wand of iceblast (6/15)
Scrolls
 d - 8 scrolls of identify {unknown}
 l - 2 scrolls of magic mapping {unknown}
 m - a scroll of immolation {unknown}
 q - 2 scrolls of fog {unknown}
 s - a scroll of silence {unknown}
 t - 2 scrolls of enchant armour {unknown}
 u - 3 scrolls of teleportation {unknown}
 x - 2 scrolls of random uselessness {unknown}
 y - 4 scrolls of remove curse
 z - 5 scrolls of amnesia {unknown}
 G - 2 scrolls of recharging {unknown}
 P - 2 scrolls of enchant weapon {unknown}
 Q - a scroll of holy word {unknown}
Potions
 f - 2 potions of ambrosia {unknown}
 g - 3 potions of flight {unknown}
 j - a potion of haste {unknown}
 o - 3 potions of heal wounds {unknown}
 v - 3 potions of magic {unknown}
 B - 2 potions of brilliance {unknown}
 D - 3 potions of agility {unknown}
 E - 4 potions of curing {unknown}
 F - 3 potions of lignification {unknown}
 I - a potion of cancellation {unknown}
 J - 2 potions of degeneration {unknown}
 O - 2 potions of berserk rage {unknown}
 Z - a potion of invisibility {unknown}
Comestibles
 c - 7 bread rations
 i - 4 beef jerkies
 n - 6 meat rations
 K - 9 slices of pizza


   Skills:
 - Level 4.1 Fighting
 + Level 17.3 Axes
 - Level 2.5 Armour
 - Level 2.4 Dodging


You had 9 spell levels left.
You didn't know any spells.

Dungeon Overview and Level Annotations

Branches:
Dungeon (10/15)            Temple (0/1) D:4            Lair (1/6) D:10
    Orc (0/2) D:10

Altars:
Ashenzari
Cheibriados
Gozag
Kikubaaqudgha
Makhleb
Okawaru
Ru
Uskayaw
The Shining One

Shops:
D:7 =

Annotations:
Lair:1 Sonja


Innate Abilities, Weirdness & Mutations

You reflexively headbutt those who attack you in melee.
You have a pair of horns on your head.


Message History

The large abomination is almost destroyed.
The large abomination hits you but does no damage.
You slice the large abomination!!
You destroy the large abomination!
Trog accepts your kill.
Found 21 stones and a brass wand.
You feel a strong urge to attack something.
Found 2 needles of sleeping.
You slice the large abomination!!
The large abomination is heavily damaged.
The large abomination barely misses you.
You slash the large abomination!
The large abomination is almost destroyed.
You are no longer berserk.
You are exhausted.
You feel yourself slow down.
You slash the large abomination!
The large abomination is almost destroyed.
The large abomination hits you! The large abomination hits you!!
You die...

.. ...( ./ ...
#..# .. . ..
#.##..##. .. ..#
...... ... .
.......... ...
... . .##.. ..#
#. #.##..##..##..
.
..##.....@X......
....
...............
..
...##..##..##.(
#..##.##$.##..##
.##.
##...........
.......
........... .
......##..# .
##.. .# ..
#.##..# ..# .. .
#..## ..... .. .


You could see a large abomination.

Vanquished Creatures
  A large abomination (Abyss:2)
  Grinder (D:4)
  2 hippogriffs
  A wyvern (D:10)
  A human (D:7)
  4 hogs (D:7)
  A hungry ghost (D:10)
  3 ice beasts
  5 orc warriors
  A phantom (D:9)
  A necrophage (D:10)
  3 ogres
  3 centaurs
  A small abomination (Abyss:2)
  2 bullfrogs (D:7)
  A water moccasin zombie (D:9)
  5 jellies
  4 scorpions
  A wight (D:6)
  2 crimson imps
  2 howler monkeys
  3 centaur zombies
  A quasit (D:8)
  3 hounds
  9 orc priests
  8 orc wizards
  Natasha (thrice) (D:3 D:6)
  9 worker ants
  3 hell rats (D:5)
  Robin (D:4)
  6 gnolls
  3 river rats (D:5)
  8 adders
  2 shadow imps
  A white imp (D:6)
  4 adder zombies
  An adder skeleton (D:5)
  A worm (D:4)
  2 dart slugs
  3 leopard geckos
  44 orcs
  6 bats
  2 giant cockroaches
  13 goblins
  9 hobgoblins
  13 jackals
  7 quokkas
  4 frilled lizards
  5 goblin skeletons (D:6)
  2 goblin zombies (D:6)
  A hobgoblin zombie (D:6)
  8 kobolds
  2 kobold skeletons (D:6)
  A kobold zombie (D:6)
  A leopard gecko skeleton (D:4)
  An orc zombie (D:6)
  27 rats
262 creatures vanquished.

Notes
Turn   | Place    | Note
-------+----------+-------------------------------------------
     0 | D:1      | Naow the Minotaur Berserker began the quest for the Orb.
     0 | D:1      | Reached XP level 1. HP: 19/19 MP: 0/0
   155 | D:1      | Reached XP level 2. HP: 23/27 MP: 1/1
   444 | D:1      | Reached skill level 4 in Axes
   857 | D:1      | Reached ** piety under Trog
   944 | D:2      | Reached XP level 3. HP: 31/33 MP: 2/2
  1248 | D:2      | Reached skill level 5 in Axes
  1520 | D:2      | Reached XP level 4. HP: 36/40 MP: 3/3
  1792 | D:3      | Noticed Natasha
  1797 | D:3      | Reached skill level 6 in Axes
  1803 | D:3      | Killed Natasha
  1936 | D:3      | Noticed Natasha
  1943 | D:3      | Killed Natasha
  1943 | D:3      | Reached XP level 5. HP: 40/46 MP: 4/4
  2000 | D:3      | Reached skill level 7 in Axes
  2179 | D:4      | Reached *** piety under Trog
  2179 | D:4      | Reached XP level 6. HP: 52/52 MP: 5/5
  2226 | D:4      | Reached skill level 8 in Axes
  2434 | D:4      | Noticed Grinder
  2452 | D:4      | Paralysed by Grinder for 3 turns
  2470 | D:4      | Killed Grinder
  2470 | D:4      | Reached skill level 9 in Axes
  2470 | D:4      | Reached XP level 7. HP: 46/59 MP: 6/6
  2815 | D:4      | Noticed Robin
  2827 | D:4      | Found a staircase to the Ecumenical Temple.
  2830 | D:4      | Killed Robin
  2948 | D:4      | Noticed a hippogriff
  2959 | D:4      | Killed a hippogriff
  2959 | D:4      | Reached skill level 10 in Axes
  3064 | D:5      | Entered Level 5 of the Dungeon
  3310 | D:5      | Reached skill level 11 in Axes
  3310 | D:5      | Reached XP level 8. HP: 66/66 MP: 7/7
  3361 | D:5      | Reached **** piety under Trog
  3669 | D:5      | Found a burning altar of Makhleb.
  3679 | D:5      | Reached skill level 12 in Axes
  4014 | D:6      | Noticed Natasha
  4020 | D:6      | Killed Natasha
  4103 | D:6      | Found a glowing golden altar of the Shining One.
  4301 | D:6      | Found a sacrificial altar of Ru.
  4586 | D:6      | Found an ancient bone altar of Kikubaaqudgha.
  4586 | D:6      | Found an iron altar of Okawaru.
  4830 | D:7      | Reached skill level 13 in Axes
  4868 | D:7      | Reached ***** piety under Trog
  5196 | D:7      | Reached XP level 9. HP: 71/71 MP: 8/8
  5199 | D:7      | Reached skill level 14 in Axes
  5454 | D:7      | Found Zoripurr's Jewellery Shop.
  5512 | D:7      | Reached skill level 15 in Axes
  5527 | D:7      | Found a shattered altar of Ashenzari.
  5530 | D:7      | Found an opulent altar of Gozag.
  5533 | D:7      | Found a hide-covered altar of Uskayaw.
  5536 | D:7      | Found a snail-covered altar of Cheibriados.
  6541 | D:9      | Found a hide-covered altar of Uskayaw.
  6801 | D:9      | Reached skill level 16 in Axes
  7026 | D:9      | Reached XP level 10. HP: 64/78 MP: 9/9
  7368 | D:10     | Entered Level 10 of the Dungeon
  7391 | D:10     | Received a gift from Trog
  7531 | D:10     | Found a staircase to the Orcish Mines.
  7604 | D:10     | Found a staircase to the Lair.
  7718 | D:10     | Reached skill level 17 in Axes
  7857 | Lair:1   | Entered Level 1 of the Lair of Beasts
  7858 | Lair:1   | Noticed Sonja
  7864 | Lair:1   | Cast into level 2 of the Abyss (Sonja)
  7904 | Abyss:2  | Noticed a large abomination
  7913 | Abyss:2  | Killed a large abomination
  7919 | Abyss:2  | Mangled by a large abomination

Vault maps used:
D:1:      lightli_arrival_flooded_house
D:2:      first_bread
D:3:      uniq_natasha
D:4:      uniq_grinder, uniq_robin
D:5:      lemuel_ratsnest, old_standard_altar
D:6:      lemuel_round_altar, gammafunk_temple_overflow_wave, st_stairs_11,
          minmay_misc_feat_more_columns, nicolae_tso_besieged_by_evil
D:7:      grunt_temple_overflow_cloverleaf, serial_shops, shop, grunt_livestock
D:9:      basic_altar
D:10:     kennysheep_blocky_hall, lair_0_dummy, hiddenorc2_lemuel
Lair:1:   guppyfry_lair_drakes, lemuel_fruit_fields, uniq_sonja

Skill      XL: |  1  2  3  4  5  6  7  8  9 10 |
---------------+-------------------------------+-----
Fighting       | 4 |  4.1
Axes           | 4 5 6 7 9 11 13 16 17 | 17.3
Armour         | |  2.5
Dodging        | |  2.4

Action                   |  1- 3 |  4- 6 |  7- 9 | 10-12 || total
-------------------------+-------+-------+-------+-------++-------
Melee: Hand axe          |    87 |    72 |   389 |   112 ||   660
       Headbutt          |    10 |    11 |    79 |    24 ||   124
       War axe           |       |       |    48 |       ||    48
       Battleaxe         |       |       |       |    10 ||    10
Invok: Berserk           |       |     3 |     5 |     3 ||    11
       Trog's Hand       |       |     1 |     2 |     2 ||     5
  Use: Scroll            |       |       |     1 |     1 ||     2
  Eat: Chunk             |     2 |     5 |    30 |    16 ||    53
Armor: Animal skin       |     6 |       |       |       ||     6
       Scale mail        |    27 |    13 |       |       ||    40
       Plate armour      |       |       |   203 |    36 ||   239
Dodge: Dodged            |    55 |    30 |    98 |    12 ||   195
Block: Buckler           |       |     5 |    62 |       ||    67
       Shield            |       |       |    15 |    22 ||    37
